 Dungeon Crawl Stone Soup version 0.18-a0-1203-gbde16db (webtiles) character file.

7000 M4edhros the Covert (level 11, -3/56 HPs)
             Began as an Octopode Artificer on Jan 31, 2016.
             Was a Follower of Fedhas.
             Slain by a hippogriff (7 damage)
             ... on level 8 of the Dungeon.
             The game lasted 00:16:41 (8255 turns).

M4edhros the Covert (Octopode Artificer)            Turns: 8255, Time: 00:16:42

Health: -3/56      AC:  1    Str: 11    XL:     11   Next: 8%
Magic:  26/26      EV: 18    Int: 24    God:    Fedhas [*.....]
Gold:   452        SH:  5    Dex: 10    Spells: 1 memorised, 7 levels left

rFire  + . .     SeeInvis +     v - +1 dagger (venom)
rCold  + . .     Gourm    .     t - +0 buckler {reflect}
rNeg   . . .     Faith    .     (helmet restricted)
rPois  +         Spirit   .     (no amulet)
rElec  .         Dismiss  .     o - ring of sustain attributes
rCorr  .         Reflect  +     r - ring of protection from fire
SustAt +         Harm     .     z - ring of Xujun {MP+9 Int+4}
MR     .....     Rnd*Rage +     x - ring of see invisible
Stlth  ++++++....               M - ring of poison resistance
                                O - ring of Ascent {rC+ EV+2}
                                (no ring)
                                (no ring)

@: not resistant to hostile enchantments, very stealthy
A: almost no armour, amphibious, 8 rings, constrict 8, camouflage 1, berserk 1,
clever 1, clumsy 1, frail 1, gelatinous body 1, evolution 2
a: Evolution, Renounce Religion


You were on level 8 of the Dungeon.
You worshipped Fedhas.
Fedhas was aware of your devotion.
You were hungry.

You visited 2 branches of the dungeon, and saw 9 of its levels.
You also visited: Bailey.

You collected 546 gold pieces.
You spent 94 gold pieces at shops.

Inventory:

Hand Weapons
 i - a +0 blowgun
 l - a +2 dagger of draining
 v - a +1 dagger of venom (weapon)
 D - a +2 hunting sling of flaming
Missiles
 h - 138 stones (quivered)
 j - 19 sling bullets
 y - 18 poisoned needles
Armour
 t - a +0 buckler of reflection (worn)
Jewellery
 o - a ring of sustain attributes (left tentacle)
 r - a ring of protection from fire (right tentacle)
 x - a ring of see invisible (on tentacle)
 z - the ring of Xujun (on tentacle) {MP+9 Int+4}
   (You found it on level 6 of the Dungeon)

   [ring of magical power]

   It affects your intelligence (+4).
   It affects your magic capacity (+9).
 M - a ring of poison resistance (on tentacle)
 O - the ring of Ascent (on tentacle) {rC+ EV+2}
   (You found it on level 8 of the Dungeon)

   [ring of evasion]

   It affects your evasion (+2).
   It protects you from cold.
Wands
 a - a wand of fireball (0/15)
 b - a wand of flame (0/48)
 c - a wand of enslavement (1/24)
 d - a wand of random effects (0/48)
 k - a wand of slowing (22/48)
 A - a wand of paralysis (1/24)
 N - a wand of slowing (13/48)
Scrolls
 e - 3 scrolls of noise
 g - 2 scrolls of remove curse
 m - a scroll of fog
 n - 2 scrolls of immolation
 q - a scroll of amnesia
 u - a scroll of silence
 E - 2 scrolls of blinking
 F - a scroll of teleportation
Potions
 s - a potion of cancellation
 C - a potion of haste
 G - a potion of invisibility
 L - 3 potions of mutation {unknown}
 P - a potion of lignification {unknown}
Books
 B - an Akashic Record

   Spells                             Type                      Level
   a - Dispersal                      Translocation                6
   b - Malign Gateway                 Summoning/Translocation      7
   c - Disjunction                    Translocation                8
   d - Controlled Blink               Translocation                8
 H - a book of the Sky

   Spells                             Type                      Level
   a - Summon Lightning Spire         Summoning/Air                4
   b - Airstrike                      Air                          4
   c - Silence                        Hexes/Air                    5
   d - Deflect Missiles               Charms/Air                   6
   e - Conjure Ball Lightning         Conjuration/Air              6
   f - Tornado                        Air                          9
 K - a book of Debilitation

   Spells                             Type                      Level
   a - Corona                         Hexes                        1
   b - Slow                           Hexes                        2
   c - Gell's Gravitas                Hexes/Translocation          3
   d - Inner Flame                    Hexes/Fire                   3
   e - Cause Fear                     Hexes                        4
   f - Leda's Liquefaction            Hexes/Earth                  4
Comestibles
 f - 2 bread rations
 p - 4 beef jerkies
 w - a slice of pizza


   Skills:
 - Level 1.0 Fighting
 - Level 1.0 Short Blades
 * Level 10.5 Dodging
 + Level 11.2 Stealth
 + Level 6.4 Shields
 + Level 0.6 Spellcasting
 + Level 1.0 Air Magic
 * Level 2.1 Invocations
 + Level 8.8 Evocations


You had 7 spell levels left.
You knew the following spells:

 Your Spells              Type           Power        Failure   Level  Hunger
a - Summon Lightning Spi  Summ/Air       #.......     93%         4    #####..


Dungeon Overview and Level Annotations

Branches:
Dungeon (8/15)             Temple (1/1) D:6
   Lair: D:8-11

Altars:
Ashenzari
Cheibriados
Dithmenos
Elyvilon
Fedhas
Gozag
Kikubaaqudgha
Makhleb
Okawaru
Pakellas
Qazlal
Ru
Sif Muna
Trog
Vehumet
Xom
Yredelemnul
Zin
The Shining One

Shops:
D:5 (%[   D:7 ?

Annotations:
D:5 Dowan, Duvessa, Prince Ribbit


Innate Abilities, Weirdness & Mutations

You cannot wear most types of armour.
You are amphibious.
You can wear up to eight rings at the same time.
You can use your tentacles to constrict eight enemies at once.
Your skin changes colour to match your surroundings (Stealth).
Your rubbery body absorbs attacks (AC +1).
You tend to lose your temper in combat.
Your mind is acute. (Int +2)
You are clumsy. (Dex -2)
You are frail (-10% HP).
You rapidly evolve.


Message History

You block the hippogriff's attack.
You hit the hippogriff.
The hippogriff is poisoned.
You squeeze the hippogriff!
The hippogriff is moderately wounded.
The hippogriff misses you. The hippogriff barely misses you.
The hippogriff claws you.
You hit the hippogriff.
The hippogriff looks even sicker.
The hippogriff is heavily wounded.
The hippogriff bites you!
* * * LOW HITPOINT WARNING * * *
The hippogriff pecks you.
* * * LOW HITPOINT WARNING * * *
The hippogriff closely misses you.
You swap places.
Your wandering mushroom releases spores at the hippogriff.
The hippogriff is engulfed in a cloud of spores!
The hippogriff bites you.
* * * LOW HITPOINT WARNING * * *
The hippogriff pecks you!
You die...
Fedhas appreciates your contribution to the ecosystem.

.................................
..####................#.#########
..............######.#.## #
########.....## ###.# # # ##...##
#.# # # ##+## #.# # # #.# #.# #
##[######## #.# ## #....<..@f#
#.# .# ##...#####H####.#
.#######.....#.......#
............##.##.##.#
.#########.### #.# # .# ### #..
.# #### ##


You could see a hippogriff and a friendly wandering mushroom.

Vanquished Creatures
  The ghost of cireshan the Grappler, a novice TrMo (D:7)
  A deep elf knight (Bailey)
  Pikel (D:7)
  4 deep elf magi (Bailey)
  Maurice (D:8)
  Grinder (D:5)
  A hippogriff (D:7)
  2 big kobolds (D:7)
  A slave (D:7)
  An orc warrior (D:7)
  A phantom (D:8)
  2 ice beasts
  2 sky beasts (D:8)
  4 ogres
  3 centaurs
  A crocodile (D:4)
  5 giant frogs
  A wyvern skeleton (D:8)
  3 killer bees (D:8)
  5 hounds
  An orc priest (D:3)
  2 centaur skeletons
  2 jellies
  An iguana (D:8)
  6 orc wizards
  4 worker ants
  7 adders
  4 adder skeletons
  A worm (D:3)
  4 giant geckos
  21 orcs
  7 bats
  3 giant cockroaches
  11 goblins
  7 hobgoblins
  11 jackals
  15 kobolds
  A quokka (D:2)
  A ball python (D:3)
  A giant cockroach zombie (D:6)
  7 giant newts
  6 rats
164 creatures vanquished.

Vanquished Creatures (collateral kills)
  5 deep elf magi (Bailey)
  A sky beast (D:8)
  A killer bee (D:8)
  A centaur zombie (D:6)
  A crimson imp (D:6)
  An orc priest (D:6)
  2 jellies
  An iguana (D:6)
  2 orcs (D:6)
  A kobold (D:7)
16 creatures vanquished.

Vanquished Creatures (others)
  A hippogriff (D:8)
  An orc warrior (D:6)
  A black bear (D:8)
  An ogre (D:8)
  2 slaves (D:7)
  2 giant frogs
  5 wandering mushrooms
  A crimson imp (D:8)
  A hound (D:8)
  An iguana (D:8)
  A worker ant (D:8)
  A worker ant zombie (D:8)
  2 orcs
  A giant cockroach (D:8)
  54 toadstools
75 creatures vanquished.

Grand Total: 255 creatures vanquished

Notes
Turn   | Place    | Note
--------------------------------------------------------------
     0 | D:1      | M4edhros the Octopode Artificer began the quest for the Orb.
     0 | D:1      | Reached XP level 1. HP: 13/13 MP: 3/3
   121 | D:1      | Reached XP level 2. HP: 12/18 MP: 4/4
   328 | D:2      | Reached XP level 3. HP: 23/23 MP: 5/5
   643 | D:3      | Reached XP level 4. HP: 7/28 MP: 6/6
   925 | D:3      | Noticed a centaur
  1028 | D:4      | Noticed a centaur
  1248 | D:4      | Found a white marble altar of Elyvilon.
  1280 | D:4      | Killed a centaur
  1280 | D:4      | Reached skill level 4 in Dodging
  1280 | D:4      | Reached XP level 5. HP: 33/33 MP: 6/8
  1863 | D:4      | Noticed a crocodile
  1870 | D:4      | Killed a crocodile
  1870 | D:4      | Reached skill level 5 in Stealth
  1870 | D:4      | Reached XP level 6. HP: 28/38 MP: 9/9
  2076 | D:5      | Entered Level 5 of the Dungeon
  2081 | D:5      | Found Qemnoise's Weapon Boutique.
  2102 | D:5      | Found Ymas's Food Shop.
  2150 | D:5      | Noticed Duvessa
  2185 | D:5      | Noticed Dowan
  2204 | D:5      | Found Imumub's Antique Armour Shop.
  2211 | D:5      | Bought a shiny buckler for 94 gold pieces
  2282 | D:5      | Noticed Prince Ribbit
  2339 | D:6      | Reached skill level 6 in Stealth
  2401 | D:6      | Found a staircase to the Ecumenical Temple.
  2402 | D:6      | Noticed an ice beast
  2415 | D:6      | Reached skill level 5 in Dodging
  2428 | D:6      | Reached XP level 7. HP: 29/43 MP: 10/10
  2434 | Temple   | Entered the Ecumenical Temple
  2761 | D:6      | Reached skill level 1 in Shields
  2894 | D:6      | Reached skill level 7 in Stealth
  2894 | D:6      | Reached skill level 5 in Evocations
  3209 | D:6      | Reached XP level 8. HP: 48/48 MP: 11/11
  3339 | D:6      | Got a heavily runed granite ring
  3340 | D:6      | Identified the ring of Xujun {MP+9 Int+4} (You found it on level 6 of the Dungeon)
  4345 | D:2      | Found an ancient bone altar of Kikubaaqudgha.
  4548 | D:2      | Found an iron altar of Okawaru.
  4555 | D:2      | Found a glowing silver altar of Zin.
  4555 | D:2      | Found an opulent altar of Gozag.
  5373 | D:5      | Noticed Grinder
  5375 | D:5      | Reached skill level 8 in Stealth
  5378 | D:5      | Killed Grinder
  5506 | D:7      | Found a blossoming altar of Fedhas.
  5512 | D:7      | Became a worshipper of Fedhas Madash
  5747 | D:7      | Noticed Pikel
  5751 | D:7      | Reached XP level 9. HP: 19/53 MP: 13/13
  5760 | D:7      | Killed Pikel
  5760 | D:7      | Reached skill level 9 in Stealth
  5795 | D:7      | Noticed cireshan's ghost (novice TrMo)
  5805 | D:7      | Killed cireshan's ghost
  5810 | D:7      | Found Fujottan's Magic Scroll Shop.
  5874 | D:7      | Reached * piety under Fedhas
  5940 | D:7      | Found a flagged portal.
  6050 | Bailey   | Entered a bailey
  6104 | Bailey   | Noticed a deep elf mage
  6114 | Bailey   | Noticed a deep elf mage
  6121 | Bailey   | Noticed a deep elf mage
  6121 | Bailey   | Killed a deep elf mage
  6132 | Bailey   | Noticed a deep elf mage
  6132 | Bailey   | Killed a deep elf mage
  6141 | Bailey   | Killed a deep elf mage
  6141 | Bailey   | Reached skill level 10 in Stealth
  6141 | Bailey   | Reached skill level 5 in Shields
  6141 | Bailey   | Reached XP level 10. HP: 27/58 MP: 15/15
  6142 | Bailey   | Noticed a deep elf mage
  6152 | Bailey   | Noticed a deep elf mage
  6156 | Bailey   | Killed a deep elf mage
  6158 | Bailey   | Killed a deep elf mage
  6159 | Bailey   | Noticed a deep elf mage
  6162 | Bailey   | Killed a deep elf mage
  6177 | Bailey   | Killed a deep elf mage
  6392 | Bailey   | Noticed a deep elf knight
  6404 | Bailey   | Killed a deep elf knight
  6626 | Bailey   | Noticed a deep elf mage
  6626 | Bailey   | Noticed a deep elf mage
  6640 | Bailey   | Killed a deep elf mage
  6640 | Bailey   | Reached skill level 10 in Dodging
  6668 | Bailey   | Killed a deep elf mage
  6827 | D:7      | Found a deep blue altar of Sif Muna.
  6952 | D:7      | Reached skill level 11 in Stealth
  7239 | D:8      | Got a heavily runed copper ring
  7240 | D:8      | Identified the ring of Ascent {rC+ EV+2} (You found it on level 8 of the Dungeon)
  7382 | D:8      | Noticed Maurice
  7392 | D:8      | Killed Maurice
  7422 | D:8      | Reached XP level 11. HP: 34/63 MP: 17/17
  7431 | D:8      | Learned a level 4 spell: Summon Lightning Spire
  7489 | D:8      | Reached skill level 1 in Invocations
  8146 | D:8      | Found a shimmering altar of Xom.
  8173 | D:8      | Reached skill level 1 in Air Magic
  8177 | D:8      | Gained mutation: You are frail (-10% HP). [mutagenic meat]
  8178 | D:8      | Gained mutation: Your mind is acute. (Int +2) [mutagenic meat]
  8179 | D:8      | Gained mutation: You are clumsy. (Dex -2) [mutagenic meat]
  8180 | D:8      | Gained mutation: You tend to lose your temper in combat. [mutagenic meat]
  8181 | D:8      | Gained mutation: You evolve. [mutagenic meat]
  8182 | D:8      | Gained mutation: You rapidly evolve. [mutagenic meat]
  8255 | D:8      | Slain by a hippogriff

Vault maps used:
D:1:      evilmike_arrival_hilbert_curve, serial_park_tiny_1
D:2:      grunt_temple_overflow_open, kiku_gazebo_garden_becter, first_bread
D:4:      elyvilon_altar_3, serial_co_window_serial, co_window_corner_a,
          co_window_paths_b, co_window_of_opportunity_a, co_window_paths_a,
          co_window_of_opportunity_a, co_window_broadway_a, co_window_cross_3,
          co_window_of_opportunity_b, co_window_paths_d, co_window_4corner_b,
          glass_columns_a, glass_columns_c, glass_columns_b, glass_columns_b,
          kennysheep_generic_room_3
D:5:      serial_shops, shop_coins, shop, nicolae_shop_waterfront, uniq_sigmund,
          uniq_duvessa, uniq_prince_ribbit1, uniq_grinder
D:6:      temple_fountains
D:7:      fedhas_altar_4, serial_shops, shop, basic_altar, enter_bailey_8,
          uniq_pikel
D:8:      xom_confusion_cloud, uniq_maurice
Temple:   triangle_lava_temple_12
Bailey:   bailey_polearm_3, bailey

Action                   |  1- 3 |  4- 6 |  7- 9 | 10-12 || total
-------------------------+-------+-------+-------+-------++-------
Melee: Short sword       |    51 |       |       |       ||    51
       Dagger            |       |    54 |   203 |   102 ||   359
 Fire: Hunting sling     |       |       |     8 |       ||     8
Invok: Evolution         |       |       |     2 |     4 ||     6
Evoke: Wand              |     2 |     2 |    29 |    19 ||    52
  Use: Potion            |       |     2 |     3 |     2 ||     7
       Scroll            |       |     5 |    13 |     1 ||    19
 Stab: Sleeping          |     9 |     6 |    22 |     9 ||    46
       Distracted        |       |     1 |       |       ||     1
       Paralysed         |       |       |     4 |       ||     4
       Confused          |       |       |       |     3 ||     3
  Eat: Chunk             |       |     5 |    11 |     6 ||    22
       Meat ration       |       |       |       |     1 ||     1
       Royal jelly       |       |       |       |     1 ||     1
